 Dungeon Crawl Stone Soup version 0.28-a0-1510-gd0f6b136d3 (webtiles) character file.

Game seed: 7878807462884964190

200 hatsuma the Insei (level 5, -5/33 HPs)
             Began as an Octopode Transmuter on Jan 15, 2022.
             Was a Follower of Kikubaaqudgha.
             Slain by Edmund (12 damage)
             ... on level 4 of the Dungeon.
             The game lasted 00:22:34 (3326 turns).

hatsuma the Insei (Octopode Transmuter)             Turns: 3326, Time: 00:22:35

Health: -5/33      AC:  1    Str:  9    XL:     5   Next: 79%
Magic:  5/8        EV: 14    Int: 21    God:    Kikubaaqudgha [*.....]
Gold:   177        SH:  0    Dex: 15    Spells: 2/8 levels left

rFire   . . .      SeeInvis .     - Unarmed
rCold   . . .      Faith    .   (no shield)
rNeg    . . .      Spirit   .   (helmet currently unavailable)
rPois   .          Reflect  .   (no amulet)
rElec   .          Harm     .   (no ring)
rCorr   +          Rampage  .   k - ring "Focuaq" {rCorr Int+6}
Will    .....                   (no ring)
Stlth   ++........              (no ring)
HPRegen 0.11/turn               (no ring)
MPRegen 0.11/turn               (no ring)
                                (no ring)
                                (no ring)

@: appendages, wereblooded
A: tentacle spike 3, almost no armour, amphibious, 8 rings, camouflage 1,
gelatinous body 1, (nimble swimmer 1), tentacles
a: End Transformation, Renounce Religion, Receive Corpses


You were on level 4 of the Dungeon.
You worshipped Kikubaaqudgha.
Kikubaaqudgha was aware of your devotion.
One of your tentacles had grown a beastly spike.
You visited 1 branch of the dungeon, and saw 4 of its levels.

You collected 177 gold pieces.

Inventory:

Jewellery
 f - a ring of ice
 k - the ring "Focuaq" (right tentacle) {rCorr Int+6}
   (You found it on level 4 of the Dungeon)

   [ring of resist corrosion]

   Int:       It affects your intelligence (+6).
   rCorr:     It protects you from acid and corrosion.
Wands
 g - a wand of iceblast (16)
Scrolls
 a - a scroll of immolation
 b - a scroll of noise {unknown}
 c - a scroll of enchant weapon
 d - 2 scrolls of summoning {unknown}
 j - a scroll of magic mapping {unknown}
 m - a scroll of enchant armour {unknown}
Potions
 e - a potion of lignification {unknown}
 h - 3 potions of curing {unknown}
 i - a potion of mutation {unknown}
 l - a potion of haste {unknown}
 n - a potion of might {unknown}


   Skills:
 - Level 1.0 Fighting
 - Level 3.7 Dodging
 - Level 4.2 Unarmed Combat
 - Level 2.0 Spellcasting
 + Level 0.0 Necromancy
 - Level 3.1 Transmutations
 - Level 2.1 Poison Magic


You had 2 spell levels left.
You knew the following spells:

 Your Spells              Type           Power      Damage    Failure   Level
a - Beastly Appendage     Tmut           30%        N/A       4%          1
b - Wereblood             Tmut           15%        N/A       6%          2
c - Spider Form           Tmut/Pois      13%        N/A       16%         3

Your spell library contained the following spells:

 Spells                   Type           Power      Damage    Failure   Level
 Animate Skeleton         Necr           4%         N/A       14%         1
 Blink                    Tloc           4%         N/A       22%         2
 Corpse Rot               Necr/Air       4%         N/A       22%         2
 Lesser Beckoning         Tloc           2%         N/A       41%         3
 Vampiric Draining        Necr           2%         2d6       41%         3
 Ice Form                 Ice/Tmut       8%         N/A       58%         4
 Agony                    Necr           2%         N/A       99%         5
 Manifold Assault         Tloc           2%         N/A       99%         5
 Conjure Ball Lightning   Conj/Air       1%         3x3d6     100%        6
 Discord                  Hex            1%         N/A       100%        8
 Disjunction              Tloc           1%         N/A       100%        8


Dungeon Overview and Level Annotations

Branches:
Dungeon (4/15)
 Temple: D:4-7

Altars:
Kikubaaqudgha

Shops:
D:3 ([([

Annotations:
D:3 2 transporters, shadowrider38's ghost, weakling OpMo
D:4 Edmund


Innate Abilities, Weirdness & Mutations

One of your tentacles has grown a beastly spike.
You cannot wear most types of armour.
You are amphibious.
You can wear up to eight rings at the same time.
Your skin changes colour to match your surroundings (Stealth+).
Your rubbery body absorbs attacks. (AC +1, EV +1)
((You are camouflaged when in or above water. (Stealth+)))
You have tentacles for arms and can constrict up to eight enemies at once.


Message History

Okay, then.
Char dumped successfully.
Okay, then.
Okay, then.
Casting: Beastly Appendage (safe; 4% risk of failure)
Confirm with . or Enter, or press ? or * to list all spells.
Okay, then.
You now have 177 gold pieces (gained 8).
Edmund shouts!
Found a long sword.
Casting: Beastly Appendage (safe; 4% risk of failure)
Confirm with . or Enter, or press ? or * to list all spells.
Your blood is infused with primal strength.
Casting: Wereblood (safe; 6% risk of failure)
Confirm with . or Enter, or press ? or * to list all spells.
One of your tentacles grows a vicious spike.
You tentacle-slap Edmund. You grab Edmund.
You pierce Edmund, but do no damage.
Edmund is lightly wounded.
You constrict Edmund. Edmund closely misses you.
You tentacle-slap Edmund but do no damage.
You pierce Edmund.
You squeeze Edmund.
Edmund is moderately wounded.
You constrict Edmund, but do no damage. Edmund hits you with a +2 vorpal flail!
You tentacle-slap Edmund but do no damage.
Edmund is moderately wounded.
You constrict Edmund. Edmund hits you with a +2 vorpal flail.
You tentacle-slap Edmund but do no damage.
You squeeze Edmund, but do no damage.
Edmund is moderately wounded.
You constrict Edmund. Edmund closely misses you.
You tentacle-slap Edmund but do no damage.
Edmund is moderately wounded.
You constrict Edmund. Edmund hits you with a +2 vorpal flail!
* * * LOW HITPOINT WARNING * * *
x2 You tentacle-slap Edmund but do no damage.
You squeeze Edmund, but do no damage.
Edmund is moderately wounded.
You constrict Edmund, but do no damage. Edmund hits you with a +2 vorpal flail!
You die...
Kikubaaqudgha rasps: "You have failed me!
Welcome... death!"

##.....#.......#.<#
###.#.#####).##... #...#
#..###.## ###.# #.(# #.#
##.#####..# .#
#.........###.# ###
#.............####
##.#####..#####..........
#.........# #.@###.####
##.#####.## #.@# .# #.#
#.# #..# .# #.# #.#
#..###.# #.#####.#
#..##..# #.##.##.#
#..##.#
#.....#.######.....#
####.##........##..#
#.######........#


You could see Edmund.

Vanquished Creatures
  A hound (D:4)
  5 adders
  3 gnolls (D:2)
  An adder skeleton (D:4)
  2 worms
  4 dart slugs
  An orc (D:3)
  9 ball pythons
  6 bats
  An endoplasm (D:3)
  4 giant cockroaches
  7 hobgoblins
  7 jackals
  7 quokkas
  9 goblins
  6 kobolds
  A rat (D:1)
74 creatures vanquished.

Vanquished Creatures (others)
  4 fungi (D:3)
  5 plants (D:3)
9 creatures vanquished.

Grand Total: 83 creatures vanquished

Notes
Turn   | Place    | Note
-------+----------+-------------------------------------------
     0 | D:1      | hatsuma the Octopode Transmuter began the quest for the
                  | Orb.
     0 | D:1      | Reached XP level 1. HP: 13/13 MP: 3/3
     9 | D:1      | Noticed a centaur
   274 | D:1      | Reached XP level 2. HP: 18/18 MP: 5/5
   277 | D:1      | Learned a level 2 spell: Wereblood
   770 | D:2      | Reached skill level 4 in Unarmed Combat
   775 | D:2      | Reached XP level 3. HP: 12/23 MP: 2/6
   922 | D:1      | Learned a level 3 spell: Spider Form
  1013 | D:2      | Reached skill level 1 in Poison Magic
  1283 | D:2      | Reached XP level 4. HP: 28/28 MP: 7/7
  2336 | D:3      | Found Tuoss's Antique Armour Boutique.
  2432 | D:3      | Found a transporter.
  2432 | D:3      | Noticed shadowrider38's ghost (weakling OpMo)
  2446 | D:3      | Found Zuplidupn's Weapon Shoppe.
  2502 | D:3      | Found a faded altar of an unknown god.
  2510 | D:3      | Prayed at the altar of an unknown god.
  2510 | D:3      | Became a worshipper of Kikubaaqudgha
  2510 | D:3      | Reached * piety under Kikubaaqudgha
  2510 | D:3      | Received a gift from Kikubaaqudgha
  2537 | D:3      | Found Podyamm's Antique Armour Boutique.
  2559 | D:3      | Reached XP level 5. HP: 33/33 MP: 4/8
  2631 | D:3      | Found Apsoeb's Weapon Boutique.
  2919 | D:3      | Found a transporter.
  3193 | D:4      | Identified the ring "Focuaq" {rCorr Int+6}
  3278 | D:4      | Noticed Edmund
  3326 | D:4      | Slain by Edmund

Illustrated notes

Levels and vault maps discovered:
D:1:      evilmike_arrival_come_back, layout_basic, minmay_misc_feat_pillars
D:2:      minmay_general_purpose_star, layout_loops_cross
D:3:      layout_loops_ring, gammafunk_ghost_arena,
          dreamdust_ecumenical_altar_grove, serial_shops, shop,
          nicolae_shop_bloodbath_and_beyond, nicolae_shop_advertising_works
          [nicolae_subvault_shop_adworks], shop
D:4:      layout_loops_ring, minmay_bent, uniq_edmund, uniq_eustachio

Skill      XL: |  1  2  3  4  5 |
---------------+----------------+-----
Unarmed Combat | 4 |  4.2
Poison Magic   | 2 |  2.1
Transmutations | 3 |  3.1
Dodging        | 3 |  3.7
Fighting       | |  1.0
Spellcasting   | |  2.0

Action                   |  1- 3 |  4- 6 || total
-------------------------+-------+-------++-------
Melee: Unarmed           |    53 |   111 ||   164
       Kick              |    11 |    15 ||    26
       Constrict         |    14 |    35 ||    49
       Tentacles         |     9 |    14 ||    23
       Punch             |     1 |     4 ||     5
 Cast: Beastly Appendage |     7 |    12 ||    19
       Wereblood         |     7 |     6 ||    13
Evoke: Wand              |       |     1 ||     1
  Use: Scroll            |       |     2 ||     2
 Stab: Sleeping          |     3 |     4 ||     7
Armor: Skin              |     4 |     2 ||     6
Dodge: Dodged            |    29 |    59 ||    88

Table legend: (Time is in decaauts)
 A = Elapsed time spent in this place.
 B = Non-inter-level travel time spent in this place.
 C = Inter-level travel time spent in this place.
 D = Time resting spent in this place.
 E = Time spent auto-exploring this place.
 F = Levels seen in this place.
 G = Mean time per level.
                   A        B        C        D        E       F      G
               +--------+--------+--------+--------+--------+-----+--------+
         Total |   3312 |   3173 |    139 |    735 |   1657 |   4 |  828.0 |
       Dungeon |   3312 |   3173 |    139 |    735 |   1657 |   4 |  828.0 |
               +--------+--------+--------+--------+--------+-----+--------+

Top non-repeatable levels by time:
     D:1: 1145 daAuts
     D:2: 1144 daAuts
     D:3: 772 daAuts
     D:4: 250 daAuts
